 Dungeon Crawl Stone Soup version 0.22-a0-757-gdba82d8 (webtiles) character file.

487 galech the Skirmisher (level 7, -2/59 (60) HPs)
             Began as a Ghoul Monk on July 16, 2018.
             Slain by Duvessa
             ... wielding a +0 short sword
              (3 damage)
             ... on level 4 of the Dungeon.
             The game lasted 00:05:52 (2917 turns).

galech the Skirmisher (Ghoul Monk)                  Turns: 2917, Time: 00:05:52

HP:   -2/59 (60)    AC:  9    Str: 15    XL:     7   Next: 13%
MP:   6/6           EV:  7    Int:  5    God:
Gold: 126           SH: 11    Dex: 13    Spells: 6/6 levels left

rFire    . . .     SeeInvis .   e - +1 short sword (venom)
rCold    + . .     Gourm    .   u - +0 large shield
rNeg     + + +     Faith    .   h - +0 ring mail (curse)
rPois    ∞         Spirit   .   f - +1 hat
rElec    .         Reflect  .   o - +2 cloak {MR+}
rCorr    .         Harm     .   (no gloves)
MR       +....                  (no boots)
Stlth    +++.......             (no amulet)
HPRegen  0.00/turn              l - ring of stealth
MPRegen  0.10/turn              (no ring)

@: rotting
A: rotting body, claws 1, carnivore, cold resistance 1, negative energy
resistance 3, inhibited regeneration, torment resistance, unbreathing
a: no special abilities


You were on level 4 of the Dungeon.
You were hungry.

You visited 1 branch of the dungeon, and saw 4 of its levels.

You collected 126 gold pieces.

Inventory:

Hand Weapons
 e - a +1 short sword of venom (weapon)
Armour
 f - a +1 hat (worn)
 h - a cursed +0 ring mail (worn)
 n - a +0 plate armour
 o - a +2 cloak of magic resistance (worn)
 u - a +0 large shield (worn)
Jewellery
 l - a ring of stealth (left claw)
Scrolls
 d - 3 scrolls of magic mapping
 g - 3 scrolls of fear
 j - a scroll of enchant armour
 p - a scroll of teleportation {unknown}
 q - a scroll of enchant weapon {unknown}
 r - 2 scrolls of identify {unknown}
 s - 4 scrolls of remove curse {unknown}
 v - a scroll of amnesia
Potions
 a - a potion of curing {unknown}
 c - 3 potions of might {unknown}
 i - a potion of lignification {unknown}
 k - a potion of flight {unknown}
 m - a potion of heal wounds {unknown}
 t - a potion of invisibility {unknown}
 w - a potion of degeneration {unknown}
Comestibles
 b - 7 rations
 x - 9 chunks of flesh


   Skills:
 + Level 4.7 Fighting
 + Level 3.3 Short Blades
 + Level 2.1 Armour
 + Level 3.9 Dodging
 + Level 3.0 Stealth
 + Level 1.1 Shields
 + Level 3.8 Unarmed Combat


You had 6 spell levels left.
You didn't know any spells.
Your spell library contained the following spells:

 Spells                   Type           Power        Failure   Level  Hunger
 Corpse Rot               Necr           N/A          100%        2    ###....
 Stone Arrow              Conj/Erth      #.....       100%        3    ####...
 Leda's Liquefaction      Hex/Erth       #.........   100%        4    #####..
 Summon Hydra             Summ           #.........   100%        7    #######
 Summon Forest            Summ/Tloc      #.........   100%        5    ######.
 Hydra Form               Tmut           #.........   100%        6    #######


Dungeon Overview and Level Annotations

Branches:
Dungeon (4/15)
 Temple: D:4-7

Altars:
Ashenzari
Qazlal

Shops:
D:4 =

Annotations:
D:4 Duvessa


Innate Abilities, Weirdness & Mutations

Your body is rotting away.
You thrive on raw meat.
You are immune to poison.
You have sharp fingernails.
You are carnivorous and can eat meat at any time.
Your flesh is cold resistant. (rC+)
You are immune to negative energy. (rN+++)
You do not regenerate when monsters are visible.
You are immune to unholy pain and torment.
You can survive without breathing.


Message History

Duvessa hits you with a short sword. x2
* * * LOW HITPOINT WARNING * * *
You hit Duvessa but do no damage.
Duvessa looks as sick as possible!
Duvessa is moderately wounded.
Duvessa hits you but does no damage. Duvessa hits you with a short sword!
* * * LOW HITPOINT WARNING * * *
Unknown command.
You hit Duvessa.
Duvessa looks as sick as possible!
Duvessa is moderately wounded.
You block Duvessa's attack. Duvessa hits you but does no damage.
You hit Duvessa.
Duvessa looks as sick as possible!
Duvessa is heavily wounded.
Duvessa hits you but does no damage.
You closely miss Duvessa.
Duvessa is heavily wounded.
Duvessa barely misses you. You block Duvessa's attack.
You puncture Duvessa!
Duvessa looks as sick as possible!
Duvessa is severely wounded.
Duvessa hits you with a short sword.
You die...

###.##.....÷....# #
#.######.####.# #
#.# #.####.# # #.#
#.##...###
###.######.##......
#..∩....##.......##
#.......######.#..#
######)......####
#.#.##
#.....e@........#
#.#.#P
..####.......##.#
#.###P #.......# .#
.. ♣P #.......# .#
.. #♣P ####.####
.######P. #.#
##PP.PP.♣ #..
#♣♣..♣P. ####
♣....... .PP♣.....


You could see Duvessa (berserk).

Vanquished Creatures
  A hippogriff (D:3)
  A big kobold (D:4)
  Dowan (D:4)
  Crazy Yiuf (D:2)
  7 adders
  A worm (D:3)
  3 dart slugs
  A leopard gecko (D:1)
  4 orcs (D:3)
  4 giant cockroaches
  7 goblins
  2 hobgoblins
  7 jackals
  4 quokkas
  A ball python (D:1)
  4 bats
  8 frilled lizards
  30 kobolds
  11 rats
98 creatures vanquished.

Vanquished Creatures (others)
  3 plants (D:4)
3 creatures vanquished.

Grand Total: 101 creatures vanquished

Notes
Turn   | Place    | Note
-------+----------+-------------------------------------------
     0 | D:1      | galech the Ghoul Monk began the quest for the Orb.
     0 | D:1      | Reached XP level 1. HP: 19/19 MP: 0/0
   350 | D:1      | Reached XP level 2. HP: 22/26 MP: 1/1
   856 | D:2      | Reached XP level 3. HP: 33/33 MP: 2/2
  1214 | D:2      | Found a runed door.
  1218 | D:2      | Noticed Crazy Yiuf
  1227 | D:2      | Killed Crazy Yiuf
  1227 | D:2      | Reached skill level 1 in Short Blades
  1227 | D:2      | Reached XP level 4. HP: 18/40 MP: 3/3
  1577 | D:3      | Found a shattered altar of Ashenzari.
  1620 | D:3      | Reached skill level 4 in Fighting
  1743 | D:3      | Noticed a hippogriff
  1775 | D:3      | Killed a hippogriff
  1775 | D:3      | Reached skill level 1 in Armour
  1775 | D:3      | Reached XP level 5. HP: 16/47 MP: 4/4
  1775 | D:3      | Reached XP level 6. HP: 18/53 MP: 5/5
  2759 | D:4      | Reached XP level 7. HP: 47/60 MP: 6/6
  2858 | D:4      | Found a stormy altar of Qazlal.
  2869 | D:4      | Found Xeip's Jewellery Shop.
  2876 | D:4      | Noticed Duvessa
  2894 | D:4      | Noticed Dowan
  2906 | D:4      | Killed Dowan
  2906 | D:4      | Reached skill level 1 in Shields
  2913 | D:4      | HP: 1/59 [Duvessa/short sword (15)]
  2917 | D:4      | Slain by Duvessa

Vault maps used:
D:1:      co_arrival_square_in_a_square_in_a_square, serial_glass,
          glass_columns_c, glass_columns_a
D:2:      first_ration, corexii_item_surrounded_by_moat, uniq_crazy_yiuf_cottage
D:3:      cheibrodos_ashenzari_chains
D:4:      kennysheep_kobold_camp, nicolae_qazlal_general_emergency,
          serial_shops, shop, shop, uniq_duvessa

Skill      XL: |  1  2  3  4  5  6  7 |
---------------+----------------------+-----
Short Blades   | 1 2 3 |  3.3
Dodging        | 3 |  3.9
Fighting       | 4 |  4.7
Armour         | 1 2 |  2.1
Stealth        | 3 |  3.0
Shields        | 1 |  1.1
Unarmed Combat | |  3.8

Action                   |  1- 3 |  4- 6 |  7- 9 || total
-------------------------+-------+-------+-------++-------
Melee: Short sword       |    80 |   179 |    55 ||   314
       Unarmed           |     2 |       |       ||     2
       Punch             |     2 |       |       ||     2
  Use: Scroll            |       |     5 |       ||     5
 Stab: Sleeping          |     2 |     4 |       ||     6
  Eat: Chunk             |     3 |     4 |       ||     7
Armor: Robe              |     7 |       |       ||     7
       Ring mail         |    23 |    96 |    25 ||   144
Dodge: Dodged            |    47 |    77 |    13 ||   137
Block: Large shield      |       |    82 |    32 ||   114

Table legend:
 A = Spawn XP
 B = Non-spawn XP
 C = Spawn XP percentage of total XP
 D = Spawn monster count
 E = Non-spawn monster count
 F = Spawn count percentage of total count
 G = Total turns spent on level
                    A         B        C        D         E        F      G
               +---------+---------+-------+---------+---------+-------+---------
         Total |       0 |     697 |   0.0 |       0 |      98 |   0.0 |  2917
               +---------+---------+-------+---------+---------+-------+---------
           D:1 |       0 |      29 |   0.0 |       0 |      19 |   0.0 |   795
           D:2 |       0 |      66 |   0.0 |       0 |      15 |   0.0 |   781
           D:3 |       0 |     382 |   0.0 |       0 |      32 |   0.0 |   911
           D:4 |       0 |     220 |   0.0 |       0 |      32 |   0.0 |   430
               +---------+---------+-------+---------+---------+-------+---------
